Map: Acropolis LE

Players

PtitDrogo - Winner!

  • Race: Protoss Protoss
  • League: Master
  • Spawn Location: 5:00

GOReynor (Reynor)

  • Race: Zerg Zerg
  • League: Master
  • Spawn Location: 11:00

Event: QLASH StarCraft II Invitational 2 Offline Finals

VOD

Have the link to the VOD?

Description

Time

  • Played on: July 27, 2019, 11:08 a.m.
  • Length: 7:07

All games in this series

Show
View Real Time Build Order
Export as new Build Order

PtitDrogo Protoss - Winner!

Build Orders: 1 Gate Expand, Zealot Archon, Archon Drop 

Get SALT Encoding   

  12  0:00  Probe  
  13  0:13  Probe  
  14  0:17  Pylon  
  14  0:24  Probe  
  14  0:28  Assimilator  
  15  0:32  Probe  
  15  0:40  Probe  
  16  0:47  Gateway  
  17  0:51  Probe  
  18  1:03  Probe  
  19  1:25  Nexus  
  19  1:30  Probe  
  20  1:35  Cybernetics Core  
  20  1:42  Probe  
  20  1:43  Assimilator  
  21  1:54  Probe, Pylon  
  22  2:02  Adept  
  22  2:06  Probe  
  25  2:18  Probe  
  25  2:22  Stargate  
  26  2:29  Probe  
  26  2:30  Warp Gate  
  26  2:31  Adept  
  26  2:33  Probe  
  29  2:37  Probe  
  29  2:41  Probe  
  31  2:45  Probe  
  33  2:51  Probe  
  33  2:52  Twilight Council  
  33  2:57  Probe  
  35  3:00  Robotics Facility  
  35  3:03  Probe  
  36  3:05  Adept  
  36  3:09  Probe  
  36  3:12  Probe, Pylon  
  40  3:20  Probe  
  40  3:21  Probe, Assimilator  
  40  3:25  Assimilator  
  42  3:27  Charge  
  42  3:31  Probe  
  42  3:33  Probe  
  44  3:43  Probe  
  44  3:45  Probe  
  44  3:51  Probe  
  44  3:53  Templar Archives  
  45  3:57  Probe  
  45  3:59  Warp Prism  
  45  4:00  Gateway, Probe  
  48  4:05  Gateway  
  48  4:09  Probe x2  
  50  4:14  Gateway  
  51  4:20  Pylon  
  51  4:27  Gateway  
  51  4:29  Gateway  
  51  4:33  Gateway  
  51  4:37  Gateway  
  51  4:43  Pylon  
  51  4:44  Zealot  
  53  4:59  Nexus  
  53  5:04  Pylon  
  53  5:07  High Templar x4  
  57  5:12  Archon x2, Pylon  
  61  5:28  High Templar x2  
  65  5:29  Zealot  
  65  5:31  Zealot  
  65  5:32  Archon  
  69  5:37  Observer  
  69  5:39  Zealot x3  
  69  5:41  Zealot  
  78  6:03  Zealot x4  
  86  6:05  Probe  
  86  6:07  Zealot  
  86  6:08  Immortal  
  87  6:12  Zealot x3  
  87  6:14  Probe  
  87  6:17  Probe  
  91  6:21  Probe  
  90  6:30  Zealot  
  90  6:31  Zealot x4, Probe  
  90  6:32  Probe  
  98  6:37  Probe  
  87  6:44  Probe x2  
  83  6:49  Probe  
  84  6:58  High Templar x4  
  84  6:59  Sentry  
Show
View Real Time Build Order
Export as new Build Order

GOReynor Zerg 

Build Orders: Hatch First 

Get SALT Encoding   

  12  0:00  Drone  
  13  0:12  Overlord  
  13  0:16  Drone  
  14  0:30  Drone x2  
  16  0:48  Hatchery  
  15  1:21  Drone x2  
  17  1:26  Drone  
  17  1:32  Spawning Pool  
  17  1:33  Drone  
  18  1:41  Extractor  
  18  1:43  Drone  
  18  1:53  Drone  
  19  2:01  Overlord  
  19  2:05  Drone  
  20  2:14  Drone  
  20  2:15  Drone  
  22  2:18  Queen  
  22  2:19  Queen  
  26  2:23  Zergling x2  
  26  2:26  Zergling x2  
  28  2:34  Zergling x2  
  29  2:38  Drone  
  29  2:40  Hatchery  
  29  2:43  Drone  
  29  2:47  Drone  
  30  2:55  Drone  
  30  2:56  Queen  
  33  3:00  Overlord  
  33  3:04  Drone  
  34  3:08  Drone  
  35  3:13  Metabolic Boost  
  35  3:17  Zergling x2  
  35  3:19  Queen  
  38  3:21  Drone  
  38  3:26  Overlord  
  39  3:29  Drone  
  39  3:32  Drone x2  
  42  3:36  Spore Crawler  
  42  3:41  Zergling x4  
  42  3:43  Drone  
  42  3:47  Overlord  
  42  3:52  Drone  
  42  3:54  Drone  
  44  3:57  Queen  
  44  4:00  Drone  
  47  4:05  Drone x3  
  47  4:06  Drone x2  
  52  4:12  Overlord  
  52  4:13  Drone  
  52  4:15  Drone  
  55  4:24  Drone x2  
  55  4:26  Spore Crawler  
  55  4:30  Drone x3  
  58  4:32  Drone  
  58  4:33  Queen  
  58  4:35  Overlord  
  61  4:39  Spore Crawler, Drone x2  
  61  4:43  Drone  
  61  4:44  Drone x2  
  65  4:47  Zergling x4  
  65  4:49  Zergling x2  
  68  4:52  Drone  
  68  4:53  Drone  
  68  4:56  Evolution Chamber  
  68  5:01  Roach Warren  
  68  5:02  Drone x2  
  68  5:05  Zergling x8  
  68  5:06  Drone  
  74  5:12  Lair, Extractor  
  74  5:13  Extractor  
  72  5:14  Drone x2  
  72  5:15  Drone  
  72  5:17  Drone  
  72  5:18  Drone x2  
  72  5:21  Overlord  
  78  5:25  Drone  
  78  5:26  Drone  
  80  5:29  Drone  
  80  5:30  Extractor  
  80  5:31  Drone, Overlord  
  81  5:36  Baneling Nest  
  81  5:37  Drone  
  81  5:39  Overlord  
  81  5:44  Roach x2  
  81  5:45  Roach  
  81  5:46  Queen  
  81  5:48  Overlord  
  90  5:50  Roach x2  
  94  5:59  Roach x4  
  94  6:00  Zergling x2  
  93  6:06  Roach x2  
  93  6:07  Zergling x2  
  93  6:09  Roach  
  93  6:10  Zergling x2  
  91  6:12  Roach x2, Zergling x2  
  91  6:13  Zergling x2  
  81  6:19  Roach x2  
  81  6:24  Roach  
  71  6:31  Roach x2  
  66  6:36  Drone x2  
  66  6:37  Drone  
  66  6:40  Drone  
  66  6:42  Drone  
  62  6:48  Overlord  
  62  6:51  Drone  
  62  6:52  Drone  
Tags
 
Add a new tag
Caveats
  • Supply blocks, unpowered buildings, or Contaminate may cause inaccurate times.
  • Supply counts are checked every 10 seconds.